 Dungeon Crawl Stone Soup version 0.30-a0-341-g682706514a (webtiles) character file.

Game seed: 1557980693325901575

76 billz999 the Sneak (level 4, -2/30 HPs)
             Began as a Vampire Earth Elementalist on Nov 4, 2022.
             Slain by Terence
             ... wielding a +0 short sword
              (7 damage)
             ... on level 2 of the Dungeon.
             The game lasted 00:05:33 (1954 turns).

billz999 the Sneak (Vampire Earth Elementalist)     Turns: 1954, Time: 00:05:33

Health: -2/30      AC:  6    Str:  7    XL:     4   Next: 12%
Magic:  1/7        EV: 12    Int: 19    God:
Gold:   91         SH:  0    Dex: 14    Spells: 6/7 levels left

rFire   . . .      SeeInvis +    d - +0 dagger
rCold   . . .      Faith    .    (no shield)
rNeg    . . .      Spirit   .    a - +0 robe
rPois   .          Reflect  .    j - +0 helmet
rElec   .          Harm     .    g - scarf {+Inv}
rCorr   .          Rampage  .    l - +2 pair of gloves
Will    .....                    (no boots)
Stlth   +++.......               (no amulet)
HPRegen 0.45/turn                (no ring)
MPRegen 0.10/turn                (no ring)

@: attractive, flying, healing quickly
A: alive, fangs 3, see invisible, vampiric 2
a: Exsanguinate, Evoke Invisibility


You were on level 2 of the Dungeon.
You visited 1 branch of the dungeon, and saw 2 of its levels.

You collected 91 gold pieces.

Inventory:

Hand Weapons
 d - a +0 dagger (weapon)
Armour
 a - a +0 robe (worn)
 g - a scarf of invisibility (worn)
 j - a +0 helmet (worn)
 l - a +2 pair of gloves (worn)
Jewellery
 m - a +4 ring of slaying
Scrolls
 f - a scroll of butterflies {unknown}
 i - a scroll of teleportation {unknown}
Potions
 b - a potion of magic
 h - a potion of degeneration {unknown}
 k - a potion of haste {unknown}


   Skills:
 - Level 2.1 Dodging
 + Level 5.3 Stealth
 - Level 2.0 Spellcasting
 + Level 3.2 Transmutations
 - Level 3.0 Earth Magic


You had 6 spell levels left.
You knew the following spells:

 Your Spells              Type           Power      Damage    Failure   Level
a - Sandblast             Erth           26%        2d8       4%          1

Your spell library contained the following spells:

 Spells                   Type           Power      Damage    Failure   Level
 Passwall                 Tmut/Erth      10%        N/A       7%          2
 Magic Dart               Conj           4%         1d3       17%         1
 Shock                    Conj/Air       4%         1d3       17%         1
 Call Imp                 Summ           1%         N/A       26%         2
 Stone Arrow              Conj/Erth      14%        3d7       26%         3
 Petrify                  Tmut/Erth      13%        N/A       43%         4
 Mephitic Cloud           Conj/Pois/Air  1%         N/A       45%         3
 Swiftness                Air            1%         N/A       45%         3
 Airstrike                Air            0%         2d(1-17)  86%         4


Dungeon Overview and Level Annotations

Branches:
Dungeon (2/15)

Altars:

Annotations:
D:2 1 runed translucent door, Crazy Yiuf, Terence


Innate Abilities, Weirdness & Mutations

Your natural rate of healing is accelerated.
You have razor-sharp teeth.
You have supernaturally acute eyesight. (SInv)
You are afflicted with vampirism and can become a bat while bloodless.


Message History

Terence attacks as you move away! Terence hits you with a +0 short sword.
Terence attacks as you move away! Terence barely misses you.
Terence screams, "I'm going to kill you!"
Terence attacks as you move away! Terence hits you with a +0 short sword.
Terence attacks as you move away! Terence hits you with a +0 short sword.
* * * LOW HITPOINT WARNING * * *
Casting: Sandblast (safe; 4% risk of failure)
Confirm with . or Enter, or press ? or * to list all spells.
Aiming: Sandblast (safe; 4% risk of failure)
Press: ? - help, Shift-Dir - straight line, f/p - Terence
Aim: Terence, wielding a +0 short sword and wearing a +0 scale mail (almost dead, 84% to hit)
The blast of sand hits Terence but does no damage.
Terence is almost dead.
Terence hits you with a +0 short sword.
* * * LOW HITPOINT WARNING * * *
Terence closely misses you. Terence attacks as you move away!
Terence hits you but does no damage. Terence attacks as you move away!
Terence closely misses you.
Casting: Sandblast (safe; 4% risk of failure)
Confirm with . or Enter, or press ? or * to list all spells.
Aiming: Sandblast (safe; 4% risk of failure)
Press: ? - help, Shift-Dir - straight line, f/p - Terence
Aim: Terence, wielding a +0 short sword and wearing a +0 scale mail (almost dead, 84% to hit)
The blast of sand misses Terence.
Terence hits you with a +0 short sword.
* * * LOW HITPOINT WARNING * * *
Unknown command.
Terence attacks as you move away! Terence hits you but does no damage.
Terence attacks as you move away! Terence hits you with a +0 short sword.
* * * LOW HITPOINT WARNING * * *
Terence attacks as you move away! Terence hits you with a +0 short sword.
* * * LOW HITPOINT WARNING * * *
Terence attacks as you move away! Terence closely misses you.
There is a stone staircase leading down here.
It was a potion of attraction.
You feel attractive to monsters. Terence misses you.
It was a potion of flight.
You feel very buoyant.
You fly up into the air.
Terence hits you with a +0 short sword!
You die...

#........ ####.# #....(...
##..(.# #....... ###..##.###
#..... #...###...## ####...##
##.#####.#..# #.......##
#####..####.....#
#####........####...............#
...........#...##..#######..._..#
...........###.@@.## #.[....#
.......##......>#.# #......#
........#.#######.# ########
........#.# #.# ........#.# #.#
........#.# #.# #######.#.# #.#
### #.#.# #.. ..#
#.#.###################.#


You could see Terence.

Vanquished Creatures
  3 adders (D:2)
  A worm (D:2)
  A dart slug (D:1)
  3 ball pythons (D:1)
  3 endoplasms
  A giant cockroach (D:1)
  2 goblins (D:2)
  2 hobgoblins
  9 jackals
  A quokka (D:2)
  3 bats
  4 frilled lizards
  4 kobolds
  8 rats
45 creatures vanquished.

Vanquished Creatures (others)
  12 plants (D:1)
12 creatures vanquished.

Grand Total: 57 creatures vanquished

Notes
Turn   | Place    | Note
-------+----------+-------------------------------------------
     0 | D:1      | billz999 the Vampire Earth Elementalist began the quest for
                  | the Orb.
     0 | D:1      | Reached XP level 1. HP: 13/13 MP: 3/3
   268 | D:1      | Reached XP level 2. HP: 19/19 MP: 3/5
   476 | D:1      | Reached skill level 4 in Stealth
  1210 | D:2      | Gained mutation: You are afflicted with vampirism and can
                  | become a bat while bloodless. [Vampire growth]
  1210 | D:2      | Reached XP level 3. HP: 21/24 MP: 0/6
  1333 | D:2      | Found a runed translucent door.
  1334 | D:2      | Noticed Crazy Yiuf
  1485 | D:2      | Reached skill level 5 in Stealth
  1651 | D:2      | Reached XP level 4. HP: 23/30 MP: 2/7
  1785 | D:2      | Noticed Terence
  1954 | D:2      | Slain by Terence

Illustrated notes

Levels and vault maps discovered:
D:1:      minmay_arrival_hallway, layout_loops_ring, serial_bayou_pond_c
D:2:      layout_basic, basic_altar, hangedman_decor_points, uniq_terence,
          uniq_crazy_yiuf_cottage

Skill      XL: |  1  2  3 |
---------------+----------+-----
Transmutations | 2 3 |  3.2
Stealth        | 4 5 |  5.3
Dodging        | |  2.1
Spellcasting   | |  2.0
Earth Magic    | |  3.0

Action                   |  1- 3 |  4- 6 || total
-------------------------+-------+-------++-------
Melee: Dagger            |    17 |     4 ||    21
       Bite              |     1 |     1 ||     2
 Cast: Sandblast         |    69 |    21 ||    90
  Use: Potion            |       |     2 ||     2
Armor: Robe              |    15 |    17 ||    32
Dodge: Dodged            |    49 |    41 ||    90

Table legend: (Time is in decaauts)
 A = Elapsed time spent in this place.
 B = Non-inter-level travel time spent in this place.
 C = Inter-level travel time spent in this place.
 D = Time resting spent in this place.
 E = Time spent auto-exploring this place.
 F = Levels seen in this place.
 G = Mean time per level.
                   A        B        C        D        E       F      G
               +--------+--------+--------+--------+--------+-----+--------+
         Total |   2000 |   1896 |    104 |     14 |   1387 |   2 | 1000.0 |
       Dungeon |   2000 |   1896 |    104 |     14 |   1387 |   2 | 1000.0 |
               +--------+--------+--------+--------+--------+-----+--------+

Top non-repeatable levels by time:
     D:1: 1005 daAuts
     D:2: 995 daAuts
